Map: Oxide LE

Players

MCanning - Winner!

  • Race: Protoss Protoss

Vindicta

  • Race: Terran Terran

VOD

Have the link to the VOD?

Description

Time

  • Played on: Oct. 6, 2021, 5:23 p.m.
  • Length: 22:50
Show
View Real Time Build Order
Export as new Build Order

MCanning Protoss - Winner!

Build Orders: 1 Gate Expand, Blink Stalkers 

Get SALT Encoding   

  12  0:00  Probe  
  13  0:12  Probe  
  14  0:17  Pylon  
  14  0:24  Probe  
  15  0:36  Gateway, Probe (Chrono Boost)  
  16  0:47  Assimilator, Probe (Chrono Boost)  
  17  0:52  Probe (Chrono Boost)  
  18  1:03  Probe  
  19  1:15  Probe  
  20  1:22  Nexus  
  20  1:33  Cybernetics Core  
  20  1:36  Probe  
  21  1:43  Pylon  
  21  1:48  Assimilator  
  21  1:51  Probe (Chrono Boost)  
  22  2:03  Probe (Chrono Boost)  
  22  2:06  Adept (Chrono Boost)  
  23  2:09  Probe (Chrono Boost)  
  23  2:10  Warp Gate  
  26  2:18  Probe  
  27  2:24  Twilight Council  
  27  2:31  Probe (Chrono Boost)  
  27  2:33  Stalker  
  30  2:38  Probe (Chrono Boost)  
  32  2:48  Probe x2 (Chrono Boost)  
  33  2:53  Probe (Chrono Boost)  
  33  2:54  Blink (Chrono Boost), Probe  
  35  3:04  Probe  
  36  3:06  Probe  
  37  3:16  Probe  
  37  3:17  Gateway  
  37  3:18  Probe  
  39  3:21  Gateway  
  39  3:28  Probe  
  39  3:29  Pylon  
  39  3:30  Probe  
  41  3:40  Robotics Facility, Probe  
  42  3:42  Probe  
  42  3:45  Assimilator  
  43  3:52  Probe  
  43  3:55  Probe  
  45  3:58  Sentry  
  47  4:03  Nexus  
  47  4:05  Probe, Pylon  
  47  4:08  Probe  
  49  4:17  Probe  
  50  4:20  Stalker, Probe  
  50  4:23  Pylon  
  53  4:28  Observer  
  53  4:29  Probe  
  53  4:30  Charge (Chrono Boost)  
  55  4:32  Probe  
  55  4:35  Gateway  
  55  4:37  Gateway  
  56  4:41  Probe  
  56  4:44  Probe  
  56  4:45  Stalker  
  60  4:46  Stalker  
  62  4:56  Gateway  
  62  4:57  Gateway  
  62  5:03  Probe  
  62  5:04  Robotics Bay  
  62  5:06  Probe  
  64  5:11  Immortal (Chrono Boost)  
  64  5:15  Probe  
  64  5:18  Probe  
  70  5:21  Probe  
  70  5:27  Probe, Pylon  
  72  5:30  Shield Battery  
  72  5:31  Probe, Sentry  
  72  5:34  Probe  
  76  5:38  Pylon  
  76  5:39  Probe  
  76  5:40  Zealot x2  
  76  5:41  Zealot  
  83  5:46  Pylon  
  83  5:51  Stalker  
  83  5:52  Stalker  
  83  5:54  Probe x2  
  89  6:03  Pylon  
  89  6:04  Disruptor (Chrono Boost)  
  90  6:08  Forge  
  93  6:12  Zealot x3  
  93  6:16  Assimilator  
  98  6:19  Shield Battery  
  98  6:22  Forge  
  98  6:29  Disruptor (Chrono Boost)  
  98  6:32  Zealot x2  
  105  6:37  Probe  
  106  6:41  Gateway  
  106  6:43  Pylon x2  
  106  6:46  Zealot x5  
  114  6:47  Protoss Ground Weapons Level 1 (Chrono Boost)  
  114  6:56  Probe, Disruptor (Chrono Boost)  
  114  7:01  Probe  
  113  7:10  Pylon  
  113  7:13  Protoss Ground Armor Level 1 (Chrono Boost), Zealot x4  
  113  7:14  Pylon  
  119  7:16  Probe x2  
  119  7:18  Probe  
  121  7:28  Colossus (Chrono Boost)  
  127  7:40  Extended Thermal Lance (Chrono Boost)  
  127  7:42  Probe  
  122  7:49  Stalker, Dark Shrine  
  122  7:50  Stalker  
  124  7:54  Zealot x3  
  124  7:57  Pylon  
  130  8:00  Stalker x2  
  130  8:05  Zealot  
  130  8:12  Probe  
  123  8:15  Zealot x4  
  129  8:21  Colossus  
  135  8:27  Zealot x2  
  135  8:28  Zealot  
  135  8:30  Probe  
  141  8:35  Probe  
  141  8:40  Pylon  
  142  8:43  Pylon  
  142  8:45  Pylon  
  137  8:55  Probe x3  
  124  8:58  Protoss Ground Weapons Level 2 (Chrono Boost)  
  124  9:00  Stalker x3  
  124  9:01  Stalker  
  124  9:07  Probe (Chrono Boost)  
  124  9:08  Probe (Chrono Boost)  
  127  9:12  Pylon  
  127  9:15  Probe (Chrono Boost)  
  128  9:18  Probe x2 (Chrono Boost)  
  128  9:21  Colossus (Chrono Boost)  
  128  9:23  Probe (Chrono Boost)  
  126  9:24  Probe (Chrono Boost)  
  126  9:25  Probe  
  134  9:33  Probe  
  134  9:35  Zealot x3  
  134  9:36  Probe  
  139  9:52  Dark Templar, Pylon  
  135  9:53  Dark Templar  
  137  10:03  Zealot x2  
  137  10:04  Zealot x2  
  145  10:07  Disruptor (Chrono Boost)  
  134  10:21  Protoss Ground Armor Level 2 (Chrono Boost)  
  134  10:27  Robotics Facility  
  115  10:28  Nexus  
  115  10:29  Probe, Pylon  
  106  10:36  Dark Templar, Probe  
  106  10:38  Dark Templar  
  112  10:42  Probe  
  112  10:43  Probe  
  112  10:48  Assimilator, Probe  
  114  10:50  Shield Battery  
  114  10:52  Zealot x4  
  114  10:54  Zealot  
  114  10:56  Disruptor (Chrono Boost)  
  124  11:02  Stalker  
  127  11:09  Shield Battery  
  127  11:16  Stalker x2  
  131  11:26  Probe  
  131  11:28  Disruptor (Chrono Boost)  
  131  11:29  Photon Cannon  
  131  11:31  Probe  
  136  11:36  Assimilator  
  136  11:38  Stalker x2  
  136  11:39  Stalker  
  141  11:40  Photon Cannon  
  141  11:41  Observer (Chrono Boost)  
  141  11:44  Probe  
  143  11:54  Assimilator, Disruptor (Chrono Boost)  
  143  11:55  Assimilator  
  143  11:57  Probe  
  147  12:01  Probe  
  147  12:03  Pylon  
  147  12:05  Colossus (Chrono Boost)  
  147  12:07  Zealot  
  150  12:08  Protoss Ground Weapons Level 3 (Chrono Boost)  
  154  12:19  Zealot  
  154  12:20  Zealot x3  
  162  12:25  Dark Templar  
  162  12:29  Photon Cannon  
  164  12:32  Shadow Stride  
  164  12:36  Probe  
  165  12:40  Stalker x3  
  169  12:51  Pylon  
  169  12:53  Gateway  
  169  12:54  Gateway  
  169  13:00  Disruptor  
  169  13:02  Protoss Ground Armor Level 3 (Chrono Boost)  
  170  13:09  Dark Templar x2  
  170  13:10  Zealot x2  
  176  13:16  Zealot x2  
  178  13:20  Stalker  
  178  13:23  Probe x2  
  178  13:25  Probe  
  183  13:31  Observer  
  181  13:37  Probe x2  
  181  13:39  Stalker x2  
  181  13:40  Stalker  
  175  13:48  Dark Templar  
  175  13:49  Zealot, Dark Templar  
  171  14:00  Zealot  
  171  14:01  Zealot  
  175  14:04  Probe  
  175  14:05  Disruptor  
  163  14:18  Stalker x5  
  173  14:25  Probe x2 (Chrono Boost)  
  173  14:27  Templar Archives  
  173  14:28  Probe (Chrono Boost)  
  177  14:36  Probe (Chrono Boost)  
  177  14:37  Probe x2 (Chrono Boost)  
  179  14:41  Dark Templar x2  
  179  14:43  Archon  
  179  14:44  Probe (Chrono Boost)  
  183  14:52  Nexus  
  141  15:16  Dark Templar  
  141  15:17  Dark Templar  
  141  15:18  Zealot x4  
  141  15:19  Zealot  
  130  15:33  Dark Templar  
  120  15:42  Stalker x4  
  116  15:43  Zealot  
  116  15:47  Probe  
  116  15:51  Observer  
  100  16:06  Cybernetics Core  
  97  16:21  Stalker x2  
  96  16:30  Probe  
  92  16:36  Observer  
  80  16:43  Probe  
  80  16:44  Probe  
  82  16:57  Probe  
  83  17:07  Stalker  
  84  17:12  Pylon  
  82  17:17  Pylon  
  53  17:38  Stalker x3  
  53  17:41  Probe (Chrono Boost)  
  60  17:50  Probe (Chrono Boost)  
  61  17:53  Stalker, Probe (Chrono Boost)  
  61  17:55  Zealot  
  67  17:58  Probe (Chrono Boost)  
  67  18:00  Probe (Chrono Boost)  
  68  18:09  Probe  
  69  18:16  Stalker x2  
  71  18:23  Zealot  
  73  18:40  Zealot x3  
  34  19:10  Probe  
  34  19:14  Stalker x4  
  34  19:15  Pylon  
  43  19:18  Observer  
  43  19:23  High Templar x2  
  47  19:28  Archon  
  47  19:32  Zealot  
  49  19:41  Zealot x2  
  49  19:45  High Templar  
  55  19:46  Observer, High Templar  
  55  19:51  Archon  
  57  20:01  Probe  
  57  20:04  Zealot x3  
  62  20:14  Stalker  
  62  20:15  Stalker  
  62  20:36  Colossus (Chrono Boost)  
  62  20:37  Observer  
  68  20:45  Probe  
  70  20:50  Zealot  
  70  20:54  Probe  
  72  20:57  Probe  
  72  21:11  High Templar x2  
  76  21:14  Probe x2  
  76  21:16  Archon  
  79  21:18  Observer (Chrono Boost)  
  79  21:28  Stalker  
  79  21:31  Disruptor (Chrono Boost)  
  70  21:48  Stalker x2  
  74  21:58  Observer  
  70  22:01  Dark Shrine  
  70  22:06  Observer (Chrono Boost)  
  71  22:18  Disruptor (Chrono Boost)  
  74  22:35  Zealot  
  74  22:36  Zealot x2  
Show
View Real Time Build Order
Export as new Build Order

Vindicta Terran 

Build Orders: Reaper Expand 

Get SALT Encoding   

  12  0:00  SCV  
  13  0:12  SCV  
  14  0:17  Supply Depot  
  14  0:24  SCV  
  15  0:39  SCV, Barracks  
  16  0:43  Refinery  
  16  0:51  SCV  
  17  1:03  SCV  
  18  1:15  SCV  
  19  1:29  Orbital Command  
  19  1:30  Reaper  
  20  1:43  Command Center  
  20  1:53  Supply Depot  
  20  1:55  SCV  
  21  2:02  Marine  
  21  2:07  SCV  
  23  2:13  Factory  
  23  2:19  SCV, Marine  
  25  2:29  Bunker  
  25  2:31  SCV  
  25  2:35  Refinery  
  26  2:38  Barracks Reactor  
  26  2:43  SCV  
  27  2:55  SCV, Orbital Command  
  28  2:59  Hellion  
  28  3:05  Starport  
  30  3:07  SCV  
  31  3:15  Marine x2  
  31  3:19  SCV  
  34  3:20  SCV  
  34  3:24  Factory Tech Lab  
  34  3:25  Supply Depot  
  35  3:32  SCV  
  35  3:33  Marine x2  
  38  3:35  SCV  
  39  3:43  Barracks  
  39  3:44  SCV  
  39  3:47  SCV  
  41  3:50  Marine  
  41  3:51  Marine  
  41  3:52  Starport Tech Lab  
  42  3:56  SCV  
  42  3:57  Siege Tank  
  42  4:00  SCV  
  42  4:01  Supply Depot  
  47  4:07  Barracks  
  47  4:10  SCV, Raven  
  47  4:13  SCV  
  47  4:15  Marine x2  
  53  4:22  SCV  
  53  4:23  Supply Depot  
  54  4:25  Engineering Bay  
  54  4:29  SCV  
  55  4:31  Refinery  
  55  4:34  SCV  
  55  4:35  Refinery  
  55  4:36  Marine  
  57  4:40  Factory Tech Lab  
  57  4:41  SCV  
  57  4:42  Stimpack  
  58  4:47  Supply Depot, SCV  
  59  4:53  SCV  
  61  5:00  SCV  
  61  5:01  Supply Depot, Marine  
  61  5:02  Combat Shield  
  61  5:04  Marauder  
  61  5:05  SCV  
  63  5:07  Marauder  
  63  5:12  SCV, Terran Infantry Weapons Level 1  
  66  5:14  Marine  
  66  5:17  Starport Reactor  
  68  5:24  SCV  
  68  5:26  Siege Tank  
  68  5:27  Supply Depot x2  
  68  5:28  Marine  
  71  5:29  Marine  
  71  5:31  Marauder  
  74  5:37  SCV  
  75  5:47  Marauder, Marine  
  78  5:52  Command Center  
  78  5:53  Marauder  
  78  5:54  SCV  
  81  6:01  Medivac  
  81  6:02  Medivac  
  81  6:04  Marine  
  85  6:08  Supply Depot  
  86  6:13  Marauder  
  86  6:14  Marauder  
  93  6:18  Marine  
  93  6:19  Supply Depot  
  93  6:22  Marine  
  93  6:23  Concussive Shells  
  92  6:26  SCV x2  
  92  6:30  Factory Reactor  
  92  6:31  Barracks  
  92  6:32  Barracks  
  94  6:34  Marauder  
  94  6:35  Marine  
  94  6:36  Marine  
  94  6:38  Medivac x2  
  94  6:39  Marine  
  103  6:52  Supply Depot  
  103  6:53  Marauder  
  104  6:54  Marine  
  104  6:56  Marauder  
  104  6:57  SCV, Marine  
  108  7:06  Terran Infantry Armor Level 1  
  106  7:12  Marine  
  106  7:15  Marauder, Reaper  
  109  7:17  Marauder  
  109  7:20  Barracks Reactor  
  109  7:21  Orbital Command  
  112  7:27  Marauder  
  112  7:28  Liberator, Supply Depot  
  112  7:29  Medivac, Marine  
  119  7:31  SCV x2  
  119  7:34  Supply Depot  
  119  7:35  Marine  
  123  7:38  Marine  
  123  7:41  Widow Mine x2, Orbital Command  
  127  7:47  Marine x2  
  127  7:48  SCV, Marine  
  130  7:54  Marauder  
  130  7:56  Marine  
  130  7:57  SCV  
  134  8:02  Widow Mine  
  134  8:04  Marine  
  134  8:05  SCV, Marine  
  138  8:11  Missile Turret  
  139  8:12  SCV  
  139  8:13  Missile Turret  
  139  8:14  Medivac, Marine  
  139  8:18  SCV  
  143  8:21  Refinery, Marine  
  143  8:22  Marauder  
  143  8:25  Widow Mine  
  146  8:28  Marine  
  146  8:29  Ghost Academy  
  146  8:31  SCV, Marine  
  146  8:32  Marauder  
  150  8:34  Marine  
  150  8:36  Marine  
  150  8:38  SCV  
  150  8:39  Marine  
  154  8:42  SCV  
  154  8:43  Marauder  
  154  8:47  Missile Turret  
  152  8:50  Medivac x2  
  147  8:56  Marine  
  147  9:00  SCV  
  147  9:02  Marine x2  
  146  9:03  Marauder, Engineering Bay, Armory  
  146  9:07  SCV  
  146  9:09  Refinery, Marine  
  149  9:10  Marine  
  149  9:16  Enhanced Shockwaves  
  150  9:18  SCV  
  150  9:19  Starport  
  150  9:23  Viking  
  154  9:26  Marauder  
  154  9:27  SCV  
  154  9:30  Supply Depot  
  156  9:36  Ghost  
  153  9:40  SCV  
  146  9:49  Command Center  
  140  9:53  Terran Infantry Weapons Level 2  
  140  9:54  Terran Infantry Armor Level 2  
  140  9:58  Marauder, Missile Turret, Marine  
  140  9:59  Marine  
  142  10:01  SCV  
  142  10:03  Widow Mine  
  142  10:05  SCV  
  142  10:06  Marine  
  147  10:10  Marauder  
  147  10:11  Marauder  
  144  10:14  Viking  
  144  10:17  SCV  
  141  10:24  Marauder, Marine  
  138  10:30  Marine  
  138  10:31  Marauder  
  138  10:33  Liberator, SCV  
  143  10:36  Marine  
  143  10:37  Liberator  
  143  10:40  Terran Ship Weapons Level 1  
  148  10:50  Widow Mine  
  148  10:53  Refinery  
  148  10:54  Missile Turret, Marine  
  148  10:56  Marine  
  150  10:57  Sensor Tower  
  150  10:58  Sensor Tower  
  150  11:00  Planetary Fortress  
  149  11:05  SCV x2  
  149  11:06  Marine  
  149  11:07  Marine  
  149  11:09  Refinery, Marine x2  
  149  11:10  Marauder  
  155  11:11  SCV  
  155  11:12  Widow Mine, Marine  
  155  11:15  Marine  
  150  11:18  Medivac  
  150  11:23  Viking  
  150  11:24  Marine x2  
  156  11:26  SCV  
  157  11:33  Widow Mine, Marine x2  
  157  11:34  Marauder  
  157  11:37  Missile Turret  
  157  11:39  SCV x3  
  167  11:40  Fusion Core  
  170  11:52  Liberator x2  
  174  11:55  Marauder  
  174  11:59  Barracks x2  
  174  12:05  Supply Depot  
  176  12:12  Terran Infantry Weapons Level 3  
  176  12:13  Terran Infantry Armor Level 3  
  176  12:14  Widow Mine  
  173  12:17  Marauder  
  173  12:18  Marauder  
  173  12:21  Marine  
  173  12:22  Marine  
  181  12:25  Medivac  
  181  12:28  Advanced Ballistics, Supply Depot  
  181  12:33  Liberator  
  181  12:35  Liberator  
  187  12:43  Liberator  
  192  12:45  Barracks Tech Lab  
  192  12:51  Supply Depot  
  190  12:54  Missile Turret  
  190  12:55  Liberator, Marauder x2  
  190  12:57  Barracks Tech Lab  
  194  13:09  Marine  
  194  13:10  Marauder, Marine  
  194  13:11  Marauder  
  195  13:16  Liberator  
  195  13:18  Liberator  
  199  13:28  Command Center  
  199  13:30  Ghost  
  199  13:31  Liberator  
  199  13:37  Marine  
  196  13:48  Marine x2  
  196  13:49  Marauder  
  196  13:50  Marine  
  196  13:52  Liberator  
  200  13:58  Marauder, Marine  
  200  14:02  Marine  
  200  14:03  Marauder  
  200  14:07  Liberator  
  192  14:13  Liberator  
  192  14:16  Liberator, Marine  
  175  14:17  Marauder  
  175  14:18  Marauder, Marine x2  
  175  14:20  Marauder, Ghost  
  175  14:23  Ghost  
  183  14:29  Marine  
  184  14:35  Liberator  
  184  14:37  Sensor Tower  
  187  14:39  Marauder, Marine  
  187  14:41  Orbital Command  
  187  14:43  Command Center  
  190  14:49  Marauder, Marine  
  190  14:50  Liberator  
  188  14:55  Marine x2  
  188  14:56  Liberator  
  188  14:59  Liberator  
  196  15:06  Marine  
  196  15:07  Marauder, Marine  
  168  15:08  Marauder  
  153  15:14  Marine  
  153  15:18  Liberator  
  153  15:19  Marine  
  141  15:33  Medivac  
  126  15:39  Medivac  
  126  15:42  Liberator, SCV  
  120  15:44  Marauder  
  120  15:45  Marine  
  120  15:49  Marine  
  121  15:51  Marine  
  121  15:54  Marauder x2, Marine  
  126  16:02  Marine  
  124  16:05  Marine  
  124  16:06  Marine  
  125  16:16  Marauder x2, Marine  
  130  16:25  Marine  
  133  16:26  Marauder  
  133  16:32  Marine  
  131  16:53  Viking  
  128  16:59  Orbital Command  
  128  17:08  Marine  
  72  17:46  Marine  
  72  17:50  Marine  
  76  17:51  Liberator, Orbital Command  
  76  17:55  Liberator  
  76  17:57  Marine  
  79  18:01  Marine x2  
  79  18:05  Marine  
  82  18:14  Missile Turret  
  82  18:19  Marauder, Marine  
  84  18:23  Marine  
  83  18:30  Marauder  
  80  18:42  Marine  
  80  18:45  Marauder, Marine, Orbital Command  
  80  18:46  Orbital Command  
  38  19:03  Marine  
  34  19:21  Marine  
  34  19:22  Marine  
  36  19:27  Marine  
  36  19:31  SCV  
  38  19:33  SCV  
  43  19:49  Liberator  
  43  19:54  Marauder  
  43  19:55  Ghost  
  43  19:58  SCV  
  47  20:01  SCV  
  47  20:02  Marine  
  49  20:08  Ghost  
  51  20:17  Ghost  
  53  20:25  Marine x2  
  53  20:26  Marauder  
  53  20:41  Marine  
  53  20:43  Orbital Command  
  53  20:44  Marine x2  
  53  20:45  Marauder  
  53  20:46  Marine  
  58  20:55  Marine  
  60  20:57  Refinery  
  60  20:59  Marine  
  60  21:04  Marine x2  
  63  21:14  Marine  
  63  21:17  Marine x2  
  66  21:18  Marine  
  66  21:23  Marine  
  67  21:27  Marine  
  67  21:28  Marine  
  69  21:32  Marine  
  64  21:46  Marauder, Marine  
  64  21:54  Marine  
  64  22:00  Marine x2  
  65  22:15  Ghost  
  65  22:19  Marine  
Tags
 
Add a new tag
Caveats
  • Supply blocks, unpowered buildings, or Contaminate may cause inaccurate times.
  • Supply counts are checked every 10 seconds.